 Dungeon Crawl Stone Soup version 0.24.0-37-gcf1ca852f1 (webtiles) character file.

Game seed: 8453515559189939448, levelgen mode: deterministic

113 Cryoshakespeare the Cutter (level 5, 0/28 HPs)
             Began as a Kobold Enchanter on Nov 21, 2019.
             Slain by an orc priest
             ... wielding a +0 whip
              (3 damage)
             ... on level 2 of the Dungeon.
             The game lasted 00:06:27 (3219 turns).

Cryoshakespeare the Cutter (Kobold Enchanter)       Turns: 3219, Time: 00:06:27

Health: 0/28       AC:  3    Str:  5      XL:     5   Next: 17%
Magic:  2/8        EV: 14    Int: 15 (17) God:
Gold:   91         SH:  5    Dex: 16      Spells: 4/8 levels left

rFire    . . .     SeeInvis .   a - +1 dagger (speed)
rCold    . . .     Gourm    .   j - +0 buckler
rNeg     . . .     Faith    .   b - +0 robe
rPois    .         Spirit   .   (no helmet)
rElec    .         Reflect  .   (no cloak)
rCorr    .         Harm     .   h - +0 pair of gloves
MR       .....                  (no boots)
Stlth    +++.......             (no amulet)
HPRegen  0.09/turn              (no ring)
MPRegen  0.11/turn              (no ring)

@: no status effects
A: small, carnivore
a: no special abilities


You were on level 2 of the Dungeon.
You were completely stuffed.

You visited 1 branch of the dungeon, and saw 3 of its levels.

You collected 91 gold pieces.

Inventory:

Hand Weapons
 a - a +1 dagger of speed (weapon)
Armour
 b - a +0 robe (worn)
 h - a +0 pair of gloves (worn)
 j - a +0 buckler (worn)
Scrolls
 c - 6 scrolls of identify
 e - a scroll of remove curse {unknown}
 g - 3 scrolls of teleportation
 k - a scroll of enchant armour {unknown}
 l - a scroll of amnesia {unknown}
 n - a scroll of magic mapping {unknown}
Potions
 f - a potion of degeneration
 i - a potion of heal wounds
 m - a potion of flight {unknown}
Comestibles
 d - 3 rations
 o - a chunk of flesh


   Skills:
 * Level 5.4 Short Blades
 - Level 2.4 Dodging
 + Level 4.5 Stealth
 + Level 0.9 Shields
 - Level 2.1 Spellcasting
 - Level 3.0 Hexes


You had 4 spell levels left.
You knew the following spells:

 Your Spells              Type           Power        Failure   Level  Hunger
a - Corona                Hex            ##.....      10%         1    #......
b - Confuse               Hex            ##......     28%         3    ###....

Your spell library contained the following spells:

 Spells                   Type           Power        Failure   Level  Hunger
 Ensorcelled Hibernation  Hex/Ice        #.....       26%         2    ###....
 Tukima's Dance           Hex            ##......     28%         3    ###....
 Dazzling Spray           Conj/Hex       #.....       47%         3    ###....


Dungeon Overview and Level Annotations

Branches:
Dungeon (3/15)

Altars:
Dithmenos
Nemelex Xobeh


Innate Abilities, Weirdness & Mutations

You are small and have problems with some larger weapons.
You are carnivorous and can eat meat at any time.


Message History

The orc priest is heavily wounded.
The orc priest hits you with a +0 whip!
Casting: Confuse (safe; 28% risk of failure)
Confirm with . or Enter, or press ? or * to list all spells.
Aiming: Confuse (safe; 28% risk of failure)
Press: ? - help, Shift-Dir - straight line, f - orc priest
Aim: an orc priest, wielding a +0 whip (heavily wounded, chance to defeat MR: 41%)
The orc priest resists with some effort.
The orc priest hits you with a +0 whip.
* * * LOW HITPOINT WARNING * * *
Unknown command.
Casting: Confuse (safe; 28% risk of failure)
Confirm with . or Enter, or press ? or * to list all spells.
Aiming: Confuse (safe; 28% risk of failure)
Press: ? - help, Shift-Dir - straight line, f/p - orc priest
Aim: an orc priest, wielding a +0 whip (heavily wounded, chance to defeat MR: 41%)
The orc priest appears confused.
Unknown command.
The orc priest hits you with a +0 whip.
You die...

#...#...#...# #.# #.###.....# #.
.#.#.#.#.#.## #.# #.........# #.
..#...#...#.# #.# #..##.....# #.
.#.#.#.#.#.## #.# #..##.#.#.# #.
#...#...#...# #.# #.......#.###.
.#.#.#)#.#.## #.# ##.##.###.....
..#...#...#.###.#####.##.........
.#.#.#.#.#.#.##..........########
#...#...#......>@o....####
.#.#.#.#.#.#.##########
..#...#...#..# .#.#.#.#.#...#
............## #############


You could see an orc priest (confused).

Vanquished Creatures
  Terence (D:2)
  5 adders (D:2)
  A leopard gecko (D:2)
  6 giant cockroaches
  2 hobgoblins (D:1)
  6 jackals
  5 kobolds
  2 quokkas (D:2)
  5 bats
  2 frilled lizards
  3 goblins
  3 rats
41 creatures vanquished.

Notes
Turn   | Place    | Note
-------+----------+-------------------------------------------
     0 | D:1      | Cryoshakespeare the Kobold Enchanter began the quest for
                  | the Orb.
     0 | D:1      | Reached XP level 1. HP: 10/10 MP: 3/3
   157 | D:1      | Reached skill level 2 in Short Blades
   340 | D:1      | Reached XP level 2. HP: 15/15 MP: 5/5
   638 | D:1      | Reached skill level 3 in Short Blades
  1107 | D:2      | Reached XP level 3. HP: 6/19 MP: 6/6
  1118 | D:2      | Reached skill level 4 in Short Blades
  1502 | D:2      | Found a sparkling altar of Nemelex Xobeh.
  1928 | D:2      | Reached XP level 4. HP: 21/24 MP: 7/7
  2259 | D:2      | Found a shadowy altar of Dithmenos.
  2279 | D:2      | Reached skill level 5 in Short Blades
  2783 | D:3      | Noticed Terence
  3012 | D:3      | Learned a level 3 spell: Confuse
  3052 | D:2      | Killed Terence
  3052 | D:2      | Reached XP level 5. HP: 27/28 MP: 0/8
  3219 | D:2      | Slain by an orc priest

Levels and vault maps discovered:
D:1:      psy_arrival_spokes, layout_loops_cross
D:2:      layout_loops_ring, nicolae_overflow_crystal_walls,
          overflow_temple_1_default, kennysheep_crisscross
D:3:      layout_basic, nicolae_overflow_hidden_temple, uniq_terence

Skill      XL: |  1  2  3  4 |
---------------+-------------+-----
Short Blades   | 2 3 4 5 |  5.4
Dodging        | |  2.4
Stealth        | |  4.5
Shields        | |  0.9
Spellcasting   | |  2.1
Hexes          | |  3.0

Action                   |  1- 3 |  4- 6 || total
-------------------------+-------+-------++-------
Melee: Dagger            |   165 |   134 ||   299
 Cast: Confuse           |       |     4 ||     4
  Use: Potion            |     2 |       ||     2
       Scroll            |       |     3 ||     3
 Stab: Sleeping          |     9 |     1 ||    10
       Distracted        |       |     1 ||     1
       Confused          |       |     1 ||     1
  Eat: Chunk             |     4 |    12 ||    16
Armor: Robe              |    33 |     8 ||    41
       Skin              |    13 |       ||    13
Dodge: Dodged            |   109 |    50 ||   159
Block: Buckler           |     4 |    15 ||    19
